 Dungeon Crawl Stone Soup version 0.19.4-8-ga85b6b9 (webtiles) character file.

44 sveltemanboy the Charmwright (level 3, -2/24 HPs)
             Began as a High Elf Skald on Feb 9, 2017.
             Slain by a phantom (7 damage)
             ... on level 5 of the Dungeon.
             The game lasted 00:03:34 (1957 turns).

sveltemanboy the Charmwright (High Elf Skald)       Turns: 1957, Time: 00:03:35

Health: -2/24      AC:  3    Str: 11    XL:     3   Next: 39%
Magic:  7/7        EV: 12    Int: 16    God:
Gold:   85         SH:  0    Dex: 15    Spells: 3 memorised, 1 level left

rFire  . . .     SeeInvis .     a - +0 falchion
rCold  . . .     Gourm    .     b - +0 leather armour
rNeg   . . .     Faith    +     (no shield)
rPois  .         Spirit   .     (no helmet)
rElec  .         Reflect  .     (no cloak)
rCorr  .         Harm     .     (no gloves)
MR     .....                    (no boots)
Stlth  +.........               s - amulet of faith
                                (no ring)
                                (no ring)

@: no status effects
A: no striking features
a: no special abilities


You were on level 5 of the Dungeon.
You were not hungry.

You visited 1 branch of the dungeon, and saw 5 of its levels.

You collected 85 gold pieces.

Inventory:

Hand Weapons
 a - a +0 falchion (weapon)
Armour
 b - a +0 leather armour (worn)
 e - a +0 buckler
Jewellery
 g - an uncursed ring of fire
 s - an amulet of faith (around neck)
Scrolls
 l - a scroll of remove curse {unknown}
 m - a scroll of immolation {unknown}
 n - a scroll of magic mapping {unknown}
 p - a scroll of identify {unknown}
 r - a scroll of enchant armour {unknown}
Potions
 h - a potion of cancellation {unknown}
 k - 3 potions of degeneration {unknown}
 q - a potion of might {unknown}
 t - a potion of curing {unknown}
Books
 c - a book of Battle

   Spells                             Type                      Level
   a - Infusion                       Charms                       1
   b - Shroud of Golubria             Charms/Translocation         2
   c - Song of Slaying                Charms                       2
   d - Spectral Weapon                Hexes/Charms                 3
   e - Regeneration                   Charms/Necromancy            3
Comestibles
 d - 2 bread rations
 i - 2 beef jerkies
 j - 2 slices of pizza
 o - a meat ration


   Skills:
 - Level 2.0 Fighting
 + Level 3.3 Long Blades
 - Level 1.0 Armour
 - Level 2.0 Dodging
 + Level 1.0 Shields
 - Level 2.4 Spellcasting
 - Level 4.0 Charms


You had one spell level left.
You knew the following spells:

 Your Spells              Type           Power        Failure   Level  Hunger
a - Infusion              Chrm           ##..         6%          1    #......
b - Song of Slaying       Chrm           ##......     10%         2    ###....
c - Shroud of Golubria    Chrm/Tloc      #.........   17%         2    ###....


Dungeon Overview and Level Annotations

Branches:
Dungeon (5/15)
 Temple: D:4-7

Altars:
Fedhas


Message History

The centaur unwields an uncursed shortbow.
The centaur hits the bush.
The centaur hits the bush but does no damage.
Something hits the bush but does no damage.
The adder skeleton bites you.
* * * LOW HITPOINT WARNING * * *
There is a stone staircase leading down here.
Something hits the bush but does no damage.
The adder skeleton bites you.
* * * LOW HITPOINT WARNING * * *
You climb downwards.
A phantom comes into view.
There is a stone staircase leading up here.
Unknown command.
Okay, then.
The phantom barely misses you.
You barely miss the phantom.
The phantom hits you but does no damage.
The phantom hits you!
You die...

##+##+####
.........#
.......W.+
#..@#
..####...#
.......<.#
.........+
.........#
#.###..###
# #.. ...
#...


You could see a phantom.

Vanquished Creatures
  2 dart slugs (D:1)
  3 leopard geckos
  An orc (D:4)
  6 giant cockroaches
  6 hobgoblins (D:1)
  A ball python (D:1)
  A bat (D:1)
  4 frilled lizards
  4 goblins
  6 rats
34 creatures vanquished.

Notes
Turn   | Place    | Note
-------+----------+-------------------------------------------
     0 | D:1      | sveltemanboy the High Elf Skald began the quest for the Orb.
     0 | D:1      | Reached XP level 1. HP: 14/14 MP: 4/4
   259 | D:1      | Reached skill level 1 in Armour
   541 | D:1      | Reached XP level 2. HP: 17/19 MP: 6/6
   574 | D:1      | Learned a level 2 spell: Song of Slaying
   577 | D:1      | Learned a level 2 spell: Shroud of Golubria
   929 | D:1      | Reached skill level 4 in Charms
  1016 | D:1      | Reached XP level 3. HP: 20/24 MP: 7/7
  1607 | D:2      | You fall through a shaft!
  1646 | D:3      | Noticed an ogre
  1689 | D:4      | Reached skill level 1 in Shields
  1909 | D:4      | Noticed a yak
  1909 | D:4      | Noticed a yak
  1909 | D:4      | Noticed a yak
  1916 | D:4      | Noticed a centaur
  1938 | D:4      | Found a blossoming altar of Fedhas.
  1953 | D:5      | Entered Level 5 of the Dungeon
  1953 | D:5      | Noticed a phantom
  1957 | D:5      | Slain by a phantom

Skill      XL: |  1  2  3 |
---------------+----------+-----
Armour         | 1 |  1.0
Dodging        | 2 |  2.0
Charms         | 4 |  4.0
Long Blades    | 3 |  3.3
Shields        | 1 |  1.0
Fighting       | |  2.0
Spellcasting   | |  2.4

Action                   || total
-------------------------++-------
Melee: Falchion          ||   105
 Cast: Infusion          ||     1
  Use: Scroll            ||     1
  Eat: Chunk             ||     3
Armor: Leather armour    ||    21
Dodge: Dodged            ||    71
       Rpst.: Falchion   ||    25
